3L
CAPITAL DISTRICT RED KNIGHTS @ AUSTIN RANGERS
08/17/2023
 
TOP OF THE 1ST
Capital District Red Knights batting - Pitching for Austin Rangers : RHP Lester Sullivan
Pitching: RHP Lester Sullivan
Batting: LHB Arturo Hernández 0-0: Ball
1-0: Ball
2-0: Swinging Strike
2-1: Ball
3-1: Base on Balls
Batting: RHB Shawn Hicks 0-0: Ball
1-0: Foul Ball, location: 2F
1-1: Ball
2-1: Swinging Strike
2-2: TRIPLE (Flyball, 9D)
Arturo Hernández scores
Batting: RHB Barry Dempsey 0-0: Ball
1-0: Ball
2-0: Ball
3-0: Called Strike
3-1: Base on Balls
Batting: RHB Tom Christensen 0-0: Foul Ball, location: 2F
0-1: Ball
1-1: Ball
2-1: Fly out, F9 (Flyball, 89M)
Runner from 3rd tags up, SCORES, no throw
Batting: RHB Martin Young 0-0: Called Strike
0-1: Ball
1-1: Ball
2-1: Ball
3-1: Foul Ball, location: 2F
3-2: Foul Ball, location: 2F
3-2: Base on Balls
Barry Dempsey to second
Batting: RHB Gonzalo Núñez 0-0: Called Strike
0-1: Ball
1-1: Fly out, F7 (Flyball, 7LM)
Batting: RHB Jason Weston 0-0: Called Strike
0-1: Foul Ball, location: 2F
0-2: Ball
1-2: Strikes out swinging
Top of the 1st over - 2 run(s), 1 hit(s), 0 error(s), 2 left on base; Capital District 2 - Austin 0
BOTTOM OF THE 1ST
Austin Rangers batting - Pitching for Capital District Red Knights : RHP Héctor Alarcon
Pitching: RHP Héctor Alarcon
Batting: RHB Tony Hernández 0-0: Called Strike
0-1: Ball
1-1: Foul Ball, location: 2F
1-2: Ball
2-2: Ball
3-2: SINGLE (Line Drive, 9S)
Batting: RHB Pablo Trujillo 0-0: Ball
1-0: Called Strike
1-1: Called Strike
1-2: Grounds into double play, 4-6-3 (Groundball, 4)
Batting: LHB Jesús Reyes 0-0: Ball
1-0: Called Strike
1-1: Called Strike
1-2: Ball
2-2: Ball
3-2: SOLO HOME RUN (Line Drive, 9D), Distance : 417 ft
Batting: SHB Carlos Kramer 0-0: Ground out 4-3 (Groundball, 4M)
Bottom of the 1st over - 1 run(s), 2 hit(s), 0 error(s), 0 left on base; Capital District 2 - Austin 1
TOP OF THE 2ND
Capital District Red Knights batting - Pitching for Austin Rangers : RHP Lester Sullivan
Batting: RHB Manny Carbajal 0-0: Foul Ball, location: 2F
0-1: Ball
1-1: Swinging Strike
1-2: DOUBLE (Groundball, 5L)
Batting: LHB Arturo Acosta 0-0: Called Strike
0-1: Ball
1-1: Ball
2-1: Fly out, F8 (Flyball, 8LXD)
Runner from 2nd tags up, SAFE at 3rd, no throw
Batting: LHB Arturo Hernández 0-0: SINGLE (Groundball, 6MD)
Manny Carbajal scores
Batting: RHB Shawn Hicks 0-0: Called Strike
Arturo Hernández steals 2nd base
0-1: Called Strike
0-2: Ball
1-2: Ball
2-2: Ball
3-2: Foul Ball, location: 2F
3-2: Foul Ball, location: 2F
3-2: Foul Ball, location: 2F
3-2: Hit by Pitch
Batting: RHB Barry Dempsey 0-0: Called Strike
0-1: Called Strike
0-2: Ball
1-2: Fly out, F9 (Flyball, 9D)
Runner from 2nd tags up, SAFE at 3rd, no throw
Batting: RHB Tom Christensen 0-0: Called Strike
0-1: Ball
1-1: Ball
2-1: Ball
3-1: Foul Ball, location: 2F
3-2: Base on Balls
Shawn Hicks to second
Batting: RHB Martin Young 0-0: Ball
1-0: Foul Ball, location: 2F
1-1: Foul Ball, location: 2F
1-2: Ball
2-2: Strikes out swinging
Top of the 2nd over - 1 run(s), 2 hit(s), 0 error(s), 3 left on base; Capital District 3 - Austin 1
BOTTOM OF THE 2ND
Austin Rangers batting - Pitching for Capital District Red Knights : RHP Héctor Alarcon
Batting: LHB Yun Yen 0-0: Ball
1-0: Ball
2-0: Called Strike
2-1: Ball
3-1: Foul Ball, location: 2F
3-2: SINGLE (Groundball, 4M)
Batting: RHB José Muñóz 0-0: Grounds into double play, 6-4-3 (Groundball, 6)
Batting: RHB Yuji Ine 0-0: Called Strike
0-1: Ball
1-1: Ball
2-1: Foul Ball, location: 2F
2-2: Foul Ball, location: 2F
2-2: Ball
3-2: Foul Ball, location: 2F
3-2: Strikes out swinging
Bottom of the 2nd over - 0 run(s), 1 hit(s), 0 error(s), 0 left on base; Capital District 3 - Austin 1
TOP OF THE 3RD
Capital District Red Knights batting - Pitching for Austin Rangers : RHP Lester Sullivan
Batting: RHB Gonzalo Núñez 0-0: Called Strike
0-1: Swinging Strike
0-2: Ball
1-2: Ball
2-2: Ball
3-2: Foul Ball, location: 2F
3-2: Foul Ball, location: 2F
3-2: Strikes out swinging
Batting: RHB Jason Weston 0-0: Ball
1-0: Called Strike
1-1: Called Strike
1-2: Ball
2-2: Ball
3-2: Foul Ball, location: 2F
3-2: Foul Ball, location: 2F
3-2: SINGLE (Flyball, 9LS)
Batting: RHB Manny Carbajal 0-0: Ball
1-0: Ball
2-0: Called Strike
2-1: Fly out, F7 (Line Drive, 78M)
Batting: LHB Arturo Acosta 0-0: Ball
1-0: Swinging Strike
1-1: Foul Ball, location: 2F
1-2: Ground out 3-1 (Groundball, 34)
Top of the 3rd over - 0 run(s), 1 hit(s), 0 error(s), 1 left on base; Capital District 3 - Austin 1
BOTTOM OF THE 3RD
Austin Rangers batting - Pitching for Capital District Red Knights : RHP Héctor Alarcon
Batting: RHB Manny Freitas 0-0: Called Strike
0-1: Called Strike
0-2: Ball
1-2: Reached on error, E6 (Groundball, 6)
Batting: SHB Juan Sánchez 0-0: Ball
Wild Pitch!
Manny Freitas to third
1-0: Ground out 4-3 (Groundball, 34)
Manny Freitas scores
Batting: RHB Tony Hernández 0-0: Ball
1-0: Foul Ball, location: 2F
1-1: Swinging Strike
1-2: Ball
2-2: Fly out, F9 (Flyball, 9M)
Batting: RHB Pablo Trujillo 0-0: Called Strike
0-1: Ball
1-1: SINGLE (Groundball, 56)
Batting: LHB Jesús Reyes 0-0: Ball
1-0: Ball
2-0: Ground out 1-3 (Groundball, 15S)
Bottom of the 3rd over - 1 run(s), 1 hit(s), 1 error(s), 1 left on base; Capital District 3 - Austin 2
TOP OF THE 4TH
Capital District Red Knights batting - Pitching for Austin Rangers : RHP Lester Sullivan
Batting: LHB Arturo Hernández 0-0: Called Strike
0-1: Called Strike
0-2: Fly out, F4 (Popup, 3D)
Batting: RHB Shawn Hicks 0-0: Ground out 5-3 (Groundball, 5S)
Batting: RHB Barry Dempsey 0-0: Swinging Strike
0-1: DOUBLE (Line Drive, 89D)
Batting: RHB Tom Christensen 0-0: Ball
1-0: Foul Ball, location: 2F
1-1: Swinging Strike
1-2: Ground out U3 (Groundball, 3S)
Top of the 4th over - 0 run(s), 1 hit(s), 0 error(s), 1 left on base; Capital District 3 - Austin 2
BOTTOM OF THE 4TH
Austin Rangers batting - Pitching for Capital District Red Knights : RHP Héctor Alarcon
Batting: SHB Carlos Kramer 0-0: Foul Ball, location: 2F
0-1: Ball
1-1: Ball
2-1: Ball
3-1: Base on Balls
Batting: LHB Yun Yen 0-0: Ball
1-0: Foul Ball, location: 2F
1-1: Ball
2-1: Called Strike
2-2: SINGLE (Groundball, 13) (infield hit)
Carlos Kramer to second
Batting: RHB José Muñóz 0-0: Called Strike
0-1: Called Strike
0-2: Strikes out swinging
Batting: RHB Yuji Ine 0-0: Called Strike
0-1: Foul Ball, location: 2F
0-2: Foul Ball, location: 2F
0-2: Ball
1-2: Strikes out looking
Batting: RHB Manny Freitas 0-0: Called Strike
0-1: Ball
1-1: Ball
2-1: Foul Ball, location: 2F
2-2: Ball
3-2: Foul Ball, location: 2F
3-2: Fly out, F7 (Flyball, 7M)
Bottom of the 4th over - 0 run(s), 1 hit(s), 0 error(s), 2 left on base; Capital District 3 - Austin 2
TOP OF THE 5TH
Capital District Red Knights batting - Pitching for Austin Rangers : RHP Lester Sullivan
Batting: RHB Martin Young 0-0: Ball
1-0: Swinging Strike
1-1: Called Strike
1-2: Strikes out swinging
Batting: RHB Gonzalo Núñez 0-0: Fly out, F9 (Flyball, 89S)
Batting: RHB Jason Weston 0-0: Called Strike
0-1: Ball
1-1: Ground out 6-3 (Groundball, 6)
Top of the 5th over - 0 run(s), 0 hit(s), 0 error(s), 0 left on base; Capital District 3 - Austin 2
BOTTOM OF THE 5TH
Austin Rangers batting - Pitching for Capital District Red Knights : RHP Héctor Alarcon
Batting: SHB Juan Sánchez 0-0: Ball
1-0: Called Strike
1-1: SINGLE (Flyball, 8RS)
Batting: RHB Tony Hernández 0-0: Bunted foul
0-1: Bunted foul
0-2: Ball
1-2: Ball
2-2: Ball
3-2: Base on Balls
Juan Sánchez to second
Batting: RHB Pablo Trujillo 0-0: Sac Bunt - play at first, batter OUT! 2-4
Juan Sánchez to third
Tony Hernández to second
Batting: LHB Jesús Reyes 0-0: Called Strike
0-1: SINGLE (Groundball, 4)
Juan Sánchez scores
Tony Hernández to third
Runner from 3rd tries for Home, SAFE, no throw or cutoff
Batting: SHB Carlos Kramer 0-0: Fielders Choice at 2nd, 1-6 (Groundball, 13S)
Batting: LHB Yun Yen 0-0: Fly out, F8 (Flyball, 8LD)
Bottom of the 5th over - 2 run(s), 2 hit(s), 0 error(s), 1 left on base; Capital District 3 - Austin 4
TOP OF THE 6TH
Capital District Red Knights batting - Pitching for Austin Rangers : RHP Lester Sullivan
Batting: RHB Manny Carbajal 0-0: Ball
1-0: Ball
2-0: Ball
3-0: Called Strike
3-1: Base on Balls
Pitching: LHP Han-lee Pak
Batting: LHB Arturo Acosta 0-0: Called Strike
0-1: Ball
Manny Carbajal steals 2nd base
1-1: Ball
2-1: Ball
3-1: DOUBLE (Line Drive, 8RD)
Manny Carbajal scores
Batting: LHB Arturo Hernández 0-0: Called Strike
0-1: Swinging Strike
0-2: Ball
1-2: Strikes out looking
Batting: RHB Shawn Hicks 0-0: Ball
1-0: SINGLE (Groundball, 56)
Arturo Acosta to third
Batting: RHB Barry Dempsey 0-0: Called Strike
0-1: SINGLE (Line Drive, 9S)
Arturo Acosta scores
Shawn Hicks to second
Batting: RHB Tom Christensen 0-0: Ball
1-0: Fly out, F8 (Flyball, 8RM)
Batting: RHB Martin Young 0-0: Fly out, F5 (Popup, 56S)
Top of the 6th over - 2 run(s), 3 hit(s), 0 error(s), 2 left on base; Capital District 5 - Austin 4
BOTTOM OF THE 6TH
Austin Rangers batting - Pitching for Capital District Red Knights : RHP Héctor Alarcon
Batting: RHB José Muñóz 0-0: Ball
1-0: Called Strike
1-1: Foul Ball, location: 2F
1-2: Ball
2-2: Fly out, F6 (Line Drive, 6)
Batting: RHB Yuji Ine 0-0: Ground out 3-1 (Groundball, 34S)
Batting: RHB Manny Freitas 0-0: Ball
1-0: Ground out 5-3 (Groundball, 56)
Bottom of the 6th over - 0 run(s), 0 hit(s), 0 error(s), 0 left on base; Capital District 5 - Austin 4
TOP OF THE 7TH
Capital District Red Knights batting - Pitching for Austin Rangers : LHP Han-lee Pak
Batting: RHB Gonzalo Núñez 0-0: Called Strike
0-1: Swinging Strike
0-2: Ground out 5-3 (Groundball, 56S)
Batting: RHB Jason Weston 0-0: Ball
1-0: Ball
2-0: Swinging Strike
2-1: Foul Ball, location: 2F
2-2: Ball
3-2: Foul Ball, location: 2F
3-2: Foul Ball, location: 2F
3-2: Foul Ball, location: 2F
3-2: DOUBLE (Line Drive, 89M)
Batting: RHB Manny Carbajal 0-0: Intentional Walk
Pinch Hitting: SHB Joreão Canosa 0-0: Ball
1-0: Ball
2-0: Called Strike
2-1: Ball
3-1: Foul Ball, location: 2F
3-2: Strikes out swinging
Pitching: RHP Miguel Herrera
Batting: LHB Arturo Hernández 0-0: Called Strike
0-1: Ball
1-1: Ball
2-1: Fly out, F7 (Flyball, 7S)
Top of the 7th over - 0 run(s), 1 hit(s), 0 error(s), 2 left on base; Capital District 5 - Austin 4
BOTTOM OF THE 7TH
Austin Rangers batting - Pitching for Capital District Red Knights : RHP Héctor Alarcon
Now at 3B: Joreão Canosa
Batting: SHB Juan Sánchez 0-0: Ball
1-0: Ball
2-0: Foul Ball, location: 2F
2-1: Foul Ball, location: 2F
2-2: Fly out, F4 (Popup, 4M)
Batting: RHB Tony Hernández 0-0: Ball
1-0: Called Strike
1-1: Called Strike
1-2: Ball
2-2: Strikes out looking
Batting: RHB Pablo Trujillo 0-0: Ball
1-0: Foul Ball, location: 2F
1-1: Ground out 5-3 (Groundball, 56)
Bottom of the 7th over - 0 run(s), 0 hit(s), 0 error(s), 0 left on base; Capital District 5 - Austin 4
TOP OF THE 8TH
Capital District Red Knights batting - Pitching for Austin Rangers : RHP Miguel Herrera
Batting: RHB Shawn Hicks 0-0: Called Strike
0-1: TRIPLE (Line Drive, 5L)
Batting: RHB Barry Dempsey 0-0: Intentional Walk
Batting: RHB Tom Christensen 0-0: Called Strike
0-1: Called Strike
0-2: Fielders Choice at 2nd, 1-6 (Groundball, 15)
Pinch Hitting: LHB Stan Lewis 0-0: Ball
1-0: Swinging Strike
1-1: Called Strike
1-2: Strikes out swinging
Batting: RHB Gonzalo Núñez 0-0: SINGLE (Groundball, 56S) (infield hit)
Shawn Hicks scores
Tom Christensen to second
Batting: RHB Jason Weston 0-0: Ball
1-0: Called Strike
1-1: Foul Ball, location: 2F
1-2: Ball
2-2: Ball
3-2: Strikes out swinging
Top of the 8th over - 1 run(s), 2 hit(s), 0 error(s), 2 left on base; Capital District 6 - Austin 4
BOTTOM OF THE 8TH
Austin Rangers batting - Pitching for Capital District Red Knights : RHP Héctor Alarcon
Now at 1B: Mark Field
Batting: LHB Jesús Reyes 0-0: Called Strike
0-1: Foul Ball, location: 2F
0-2: SINGLE (Line Drive, 34D)
Batting: SHB Carlos Kramer 0-0: Ball
1-0: SINGLE (Line Drive, 56)
Jesús Reyes to second
Pinch Runner at 2nd Motoshige Kitamura:
Batting: LHB Yun Yen 0-0: Called Strike
0-1: Foul Ball, location: 2F
0-2: Ball
1-2: Ball
2-2: Foul Ball, location: 2F
2-2: Ball
3-2: Base on Balls
Motoshige Kitamura to third
Carlos Kramer to second
Pitching: RHP Reynaldo Díaz
Batting: RHB José Muñóz 0-0: Ball
1-0: Called Strike
1-1: Lines into TRIPLE play, 7-4-3 (Line Drive, 7M)
Bottom of the 8th over - 0 run(s), 2 hit(s), 0 error(s), 1 left on base; Capital District 6 - Austin 4
TOP OF THE 9TH
Capital District Red Knights batting - Pitching for Austin Rangers : RHP Miguel Herrera
Now in CF: Motoshige Kitamura
Batting: RHB Manny Carbajal 0-0: Ball
1-0: Foul Ball, location: 2F
1-1: Called Strike
1-2: Strikes out swinging
Batting: SHB Joreão Canosa 0-0: Ball
1-0: Called Strike
1-1: Foul Ball, location: 2F
1-2: SINGLE (Line Drive, 78M)
Batting: LHB Arturo Hernández 0-0: Reached on Error, E8 (Flyball, 8LS)
Joreão Canosa to second
Batting: RHB Shawn Hicks 0-0: Ball
1-0: Called Strike
1-1: Ball
2-1: Grounds into double play, 5-4-3 (Groundball, 5)
Top of the 9th over - 0 run(s), 1 hit(s), 1 error(s), 1 left on base; Capital District 6 - Austin 4
BOTTOM OF THE 9TH
Austin Rangers batting - Pitching for Capital District Red Knights : RHP Reynaldo Díaz
Pitching: RHP Marlon Miller
Batting: RHB Yuji Ine 0-0: Ball
1-0: Ground out 1-3 (Groundball, 23)
Batting: RHB Manny Freitas 0-0: Ball
1-0: Foul Ball, location: 2F
1-1: Ball
2-1: Ground out 6-3 (Groundball, 6M)
Batting: SHB Juan Sánchez 0-0: Called Strike
0-1: Ball
1-1: Ball
2-1: Foul Ball, location: 2F
2-2: Ball
3-2: Foul Ball, location: 2F
3-2: SINGLE (Groundball, 4MD)
Batting: RHB Tony Hernández 0-0: Fly out, F9 (Flyball, 9M)
Bottom of the 9th over - 0 run(s), 1 hit(s), 0 error(s), 1 left on base; Capital District 6 - Austin 4
This league is powered by Out of the Park Baseball, the baseball management simulation game for PC, Mac and Linux
Friday, July 8th, 2016 - OOTP Baseball 16.9 Build 39